 Dungeon Crawl Stone Soup version 0.27.1-33-g824d729ab1 (webtiles) character file.

Game seed: 10397536787375491635

84 lordive the Chopper (level 4, -4/41 HPs)
             Began as a Hill Orc Monk on Dec 27, 2021.
             Slain by Terence (7 damage)
             ... on level 2 of the Dungeon.
             The game lasted 00:02:52 (2778 turns).

lordive the Chopper (Hill Orc Monk)                 Turns: 2778, Time: 00:02:52

Health: -4/41      AC:  2    Str: 14    XL:     4   Next: 45%
Magic:  4/4        EV: 12    Int: 10    God:
Gold:   135        SH:  0    Dex: 13    Spells: 3/3 levels left

rFire    . . .     SeeInvis .   a - +0 hand axe
rCold    . . .     Faith    .   (no shield)
rNeg     . . .     Spirit   .   b - +0 robe
rPois    .         Reflect  .   (no helmet)
rElec    .         Harm     .   (no cloak)
rCorr    .         Rampage  .   (no gloves)
Will     .....                  (no boots)
Stlth    ++........             (no amulet)
HPRegen  0.13/turn              (no ring)
MPRegen  0.09/turn              (no ring)

@: hasted, very quick
A: no striking features
a: no special abilities


You were on level 2 of the Dungeon.
You visited 1 branch of the dungeon, and saw 2 of its levels.

You collected 135 gold pieces.

Inventory:

Hand Weapons
 a - a +0 hand axe (weapon)
Armour
 b - a +0 robe (worn)
Scrolls
 c - a scroll of fog {unknown}
 d - a scroll of identify {unknown}
 e - a scroll of immolation {unknown}
 i - a scroll of noise {unknown}
 j - a scroll of teleportation {unknown}
 l - a scroll of blinking {unknown}
Potions
 f - 2 potions of heal wounds {unknown}
 g - a potion of mutation {unknown}
 h - a potion of haste
 k - a potion of attraction {unknown}


   Skills:
 + Level 4.3 Fighting
 + Level 5.3 Axes
 + Level 2.9 Dodging
 + Level 2.0 Stealth


You had 3 spell levels left.
You didn't know any spells.
Your spell library contained the following spells:

 Spells                   Type           Power      Damage    Failure   Level
 Summon Forest            Summ/Tloc      0%         N/A       100%        5
 Eringya's Noxious Bog    Tmut/Pois      0%         N/A       100%        6
 Summon Hydra             Summ           0%         N/A       100%        7


Dungeon Overview and Level Annotations

Branches:
Dungeon (2/15)

Altars:

Annotations:
D:2 Terence


Message History

You hit Terence.
Terence is moderately wounded.
You barely miss Terence.
Terence is moderately wounded.
Terence barely misses you.
You hit Terence.
Terence is heavily wounded.
Terence closely misses you.
You hit Terence.
Terence is severely wounded.
You hit Terence but do no damage.
Terence is severely wounded.
Terence hits you with a +0 hand axe!
* * * LOW HITPOINT WARNING * * *
You hit Terence but do no damage.
Terence is severely wounded.
Terence hits you with a +0 hand axe.
* * * LOW HITPOINT WARNING * * *
You hit Terence but do no damage.
Terence is severely wounded.
You hit Terence but do no damage.
Terence is severely wounded.
Terence barely misses you.
You hit Terence but do no damage.
Terence is severely wounded.
Terence closely misses you.
You hit Terence.
Terence is almost dead.
You closely miss Terence.
Terence is almost dead.
Terence barely misses you.
You barely miss Terence.
Terence is almost dead.
Terence closely misses you.
You hit Terence but do no damage.
Terence is almost dead.
You closely miss Terence.
Terence is almost dead.
Terence hits you with a +0 hand axe!
You die...

#.........##
#..........#
#.†...........
####.######### ..#
#....# ....
###.#..###### ....
#...........#
.....
#.####'####.#
##.....
#†#.......#@#
##.......
#.#.......#@#
#....#
#.#..♣♣♣..#.###..#
#.#..'_♣..#..#..##
#.#..♣♣♣..#....##
#.#.......#..###
#.#.......#..#
#########..# ...#


You could see Terence.

Vanquished Creatures
  Robin (D:2)
  A worm (D:2)
  5 dart slugs
  A ball python (D:1)
  2 bats (D:2)
  5 endoplasms
  3 giant cockroaches
  10 goblins
  6 hobgoblins
  5 jackals (D:1)
  3 kobolds (D:2)
  3 quokkas
  A frilled lizard (D:1)
  6 rats
52 creatures vanquished.

Notes
Turn   | Place    | Note
-------+----------+-------------------------------------------
     0 | D:1      | lordive the Hill Orc Monk began the quest for the Orb.
     0 | D:1      | Reached XP level 1. HP: 19/19 MP: 1/1
   653 | D:1      | Reached XP level 2. HP: 16/27 MP: 2/2
  1498 | D:1      | Reached XP level 3. HP: 29/33 MP: 3/3
  2010 | D:2      | Reached skill level 5 in Axes
  2206 | D:2      | Noticed Robin
  2222 | D:2      | Reached XP level 4. HP: 35/40 MP: 4/4
  2238 | D:2      | Killed Robin
  2719 | D:2      | Found a faded altar of an unknown god.
  2736 | D:2      | Noticed Terence
  2778 | D:2      | Slain by Terence

Illustrated notes

Levels and vault maps discovered:
D:1:      dpeg_arrival_round_a, layout_loops_ring, grunt_decor_clamped,
          minmay_pentomino_r4
D:2:      layout_rooms, hellmonk_ecumenical_altar_inner_sanctum,
          minmay_indecisive_spiral, uniq_robin, uniq_crazy_yiuf_cottage,
          uniq_terence

Skill      XL: |  1  2  3  4 |
---------------+-------------+-----
Fighting       | 4 |  4.3
Axes           | 5 |  5.3
Stealth        | 2 |  2.0
Dodging        | |  2.9

Action                   |  1- 3 |  4- 6 || total
-------------------------+-------+-------++-------
Melee: Hand axe          |   155 |    61 ||   216
  Use: Potion            |       |     1 ||     1
 Stab: Sleeping          |     6 |       ||     6
Armor: Robe              |    19 |     5 ||    24
Dodge: Dodged            |   111 |    35 ||   146
